 Dungeon Crawl Stone Soup version 0.19.1-1-g22dce08 (webtiles) character file.

235 Jynx the Gusty (level 5, -2/31 HPs)
             Began as a High Elf Air Elementalist on Jan 14, 2017.
             Killed from afar by an orc wizard (4 damage)
             ... with a magic dart
             ... on level 4 of the Dungeon.
             The game lasted 00:11:12 (3954 turns).

Jynx the Gusty (High Elf Air Elementalist)          Turns: 3954, Time: 00:11:13

Health: -2/31      AC:  4    Str:  8    XL:     5   Next: 76%
Magic:  1/11       EV: 15    Int: 19    God:
Gold:   181        SH:  0    Dex: 15    Spells: 6 memorised, 0 levels left

rFire  + . .     SeeInvis .     r - +1 short sword (flame)
rCold  + . .     Gourm    .     a - +1 robe
rNeg   . . .     Faith    +     (no shield)
rPois  +         Spirit   .     (no helmet)
rElec  +         Reflect  .     (no cloak)
rCorr  +         Harm     .     p - +0 pair of gloves
MR     .....                    (no boots)
Stlth  ++........               s - amulet of faith
                                m - ring of wizardry
                                d - +3 ring of evasion

@: resistant, very slightly contaminated, hasted and slowed, heavily drained
A: no striking features
a: no special abilities


You were on level 4 of the Dungeon.
You were not hungry.

You visited 1 branch of the dungeon, and saw 4 of its levels.

You collected 181 gold pieces.

Inventory:

Hand Weapons
 r - a +1 short sword of flaming (weapon)
Armour
 a - a +1 robe (worn)
 p - a +0 pair of gloves (worn)
Jewellery
 d - a +3 ring of evasion (left hand)
 m - a ring of wizardry (right hand)
 s - an amulet of faith (around neck)
 A - an uncursed ring of resist corrosion
Scrolls
 i - a scroll of amnesia {unknown}
 j - 5 scrolls of remove curse {unknown}
 u - 2 scrolls of fog {unknown}
 x - a scroll of teleportation {unknown}
Potions
 n - 2 potions of magic {unknown}
 o - 2 potions of lignification {unknown}
 q - 2 potions of heal wounds {unknown}
 v - a potion of agility {unknown}
 z - 2 potions of might {unknown}
Books
 b - a book of Air

   Spells                             Type                      Level
   a - Shock                          Conjuration/Air              1
   b - Swiftness                      Charms/Air                   2
   c - Repel Missiles                 Charms/Air                   2
   d - Static Discharge               Conjuration/Air              3
   e - Lightning Bolt                 Conjuration/Air              5
 e - a book of Minor Magic

   Spells                             Type                      Level
   a - Magic Dart                     Conjuration                  1
   b - Blink                          Translocation                2
   c - Call Imp                       Summoning                    2
   d - Repel Missiles                 Charms/Air                   2
   e - Slow                           Hexes                        2
   f - Conjure Flame                  Conjuration/Fire             3
   g - Mephitic Cloud                 Conjuration/Poison/Air       3
Comestibles
 c - 3 bread rations
 g - a meat ration
 l - a beef jerky


   Skills:
 - Level 2.1(1.1) Dodging
 - Level 2.1(1.1) Stealth
 + Level 3.9(2.7) Spellcasting
 + Level 3.1(2.0) Conjurations
 + Level 0.2(0.0) Translocations
 * Level 6.1(4.9) Air Magic


You couldn't memorise any spells.
You knew the following spells:

 Your Spells              Type           Power        Failure   Level  Hunger
a - Shock                 Conj/Air       ###.         1%          1    None
b - Magic Dart            Conj           ##..         4%          1    None
c - Repel Missiles        Chrm/Air       ##....       4%          2    ##.....
d - Swiftness             Chrm/Air       ##......     4%          2    ##.....
e - Mephitic Cloud        Conj/Pois/Air  ##......     7%          3    ###....
f - Blink                 Tloc           N/A          10%         2    ##.....


Dungeon Overview and Level Annotations

Branches:
Dungeon (4/15)
 Temple: D:4-7

Altars:
Cheibriados
Fedhas
Uskayaw
The Shining One


Message History

You feel a bit more experienced.
The zap hits the orc wizard.
The orc wizard is heavily wounded.
The orc wizard gestures wildly while chanting.
The orc wizard seems to speed up.
All of the chunks of flesh in your inventory have rotted away.
The orc wizard casts a spell at you. The magic dart hits you!
* * * LOW HITPOINT WARNING * * *
The orc wizard points at you and mumbles some strange words.
You resist with some effort.
Things that are here:
a dagger; a robe; a scroll labeled JOFRER WARRAFE You feel protected.
The orc wizard hits you but does no damage.
You feel drained.
You closely miss the orc wizard.
The orc wizard is heavily wounded.
The orc wizard gestures at you while chanting.
The magic dart hits you!
You die...

##...## ##......
##...######......
#..............#
#.......[......#
#..............##
#..####..........##
#..## #......##...#
#..# #o.....###..##
#..#
#@......##...###
..#
#†.......##....###
#..###............
#..# ##...........
#.)# ##..........
#..# ##......###
#..## ###..###
#...# #### ##).#


You could see an orc wizard.

Vanquished Creatures
  2 orc wizards
  Natasha (twice) (D:2)
  Terence (D:3)
  2 adders
  3 worms
  A dart slug (D:3)
  10 leopard geckos
  8 orcs
  3 giant cockroaches
  9 goblins
  10 hobgoblins
  6 kobolds
  A ball python (D:3)
  9 bats
  6 frilled lizards
  8 rats
81 creatures vanquished.

Notes
Turn   | Place    | Note
-------+----------+-------------------------------------------
     0 | D:1      | Jynx the High Elf Air Elementalist began the quest for the Orb.
     0 | D:1      | Reached XP level 1. HP: 11/11 MP: 4/4
     2 | D:1      | Noticed a demigod
     4 | D:1      | Noticed a vine stalker
     4 | D:1      | Noticed a draconian
     6 | D:1      | Noticed an octopode
     6 | D:1      | Noticed a dwarf
     8 | D:1      | Noticed a formicid
     8 | D:1      | Noticed a troll
    10 | D:1      | Noticed a minotaur
    10 | D:1      | Noticed a tengu
    12 | D:1      | Noticed an ogre
    14 | D:1      | Noticed a centaur
    14 | D:1      | Noticed a human
    16 | D:1      | Noticed a spriggan
    16 | D:1      | Noticed a naga
    18 | D:1      | Noticed a gargoyle
    20 | D:1      | Noticed a vampire
    20 | D:1      | Noticed a halfling
    23 | D:1      | Noticed a ghoul
    23 | D:1      | Noticed a felid
    25 | D:1      | Noticed a merfolk
    27 | D:1      | Noticed an elf
    27 | D:1      | Noticed a demonspawn
   550 | D:1      | Reached skill level 4 in Air Magic
   550 | D:1      | Reached XP level 2. HP: 17/17 MP: 3/6
  1137 | D:1      | Reached XP level 3. HP: 21/21 MP: 5/8
  1174 | D:2      | Noticed Natasha
  1583 | D:2      | Killed Natasha
  1846 | D:2      | Noticed Natasha
  1972 | D:1      | Reached XP level 4. HP: 20/27 MP: 7/9
  2056 | D:2      | Killed Natasha
  2056 | D:2      | Reached skill level 5 in Air Magic
  2162 | D:2      | Found a snail-covered altar of Cheibriados.
  2162 | D:2      | Found a hide-covered altar of Uskayaw.
  2162 | D:2      | Found a blossoming altar of Fedhas.
  2424 | D:2      | Found a glowing golden altar of the Shining One.
  2852 | D:3      | Reached XP level 5. HP: 31/31 MP: 2/11
  3345 | D:3      | Noticed Terence
  3359 | D:3      | Killed Terence
  3828 | D:4      | Learned a level 1 spell: Magic Dart
  3831 | D:4      | Learned a level 2 spell: Repel Missiles
  3834 | D:4      | Learned a level 2 spell: Swiftness
  3838 | D:4      | Learned a level 3 spell: Mephitic Cloud
  3841 | D:4      | Learned a level 2 spell: Blink
  3886 | D:4      | Reached skill level 6 in Air Magic
  3954 | D:4      | Killed from afar by an orc wizard

Skill      XL: |  1  2  3  4  5 |
---------------+----------------+-----
Air Magic      | 4 5 6 |  6.1
Conjurations   | 2 3 |  3.1
Spellcasting   | 3 |  3.9
Dodging        | |  2.1
Stealth        | |  2.1
Translocations | |  0.2

Action                   |  1- 3 |  4- 6 || total
-------------------------+-------+-------++-------
Melee: Dagger            |    12 |       ||    12
       Short sword       |       |    11 ||    11
       Spear             |       |     1 ||     1
 Cast: Shock             |    86 |   110 ||   196
       Mephitic Cloud    |       |     1 ||     1
  Use: Potion            |       |     3 ||     3
       Scroll            |       |     2 ||     2
  Eat: Chunk             |     3 |     6 ||     9
Armor: Robe              |     3 |    11 ||    14
Dodge: Dodged            |    19 |    24 ||    43
